 Dungeon Crawl Stone Soup version 0.24-a0-462-ge24419a6ad (console) character file.

Game seed: 628167707234038215

41 Lexodia the Grave Robber (level 3, 0/24 HPs)
             Began as a Demonspawn Necromancer on July 1, 2019.
             Succumbed to an adder's poison
             ... on level 2 of the Dungeon.
             The game lasted 00:02:42 (895 turns).

Lexodia the Grave Robber (Demonspawn Necromancer)    Turns: 895, Time: 00:02:43

Health: 0/24       AC:  2    Str:  8    XL:     3   Next: 32%
Magic:  0/7        EV: 12    Int: 17    God:
Gold:   60         SH:  0    Dex: 13    Spells: 5/7 levels left

rFire    . . .     SeeInvis .   f - +0 short sword
rCold    . . .     Gourm    .   (no shield)
rNeg     . . .     Faith    .   a - +0 robe
rPois    .         Spirit   .   (no helmet)
rElec    .         Reflect  .   (no cloak)
rCorr    .         Harm     .   (no gloves)
MR       .....                  (no boots)
Stlth    +++.......             b - amulet of the acrobat
HPRegen  0.08/turn              (no ring)
MPRegen  0.10/turn              (no ring)

@: lethally poisoned (0 -> -7)
A: claws 1, nightstalker 1
a: no special abilities


You were on level 2 of the Dungeon.
You were not hungry.

You visited 1 branch of the dungeon, and saw 2 of its levels.

You collected 60 gold pieces.

Inventory:

Hand Weapons
 f - a +0 short sword (weapon)
Armour
 a - a +0 robe (worn)
Jewellery
 b - an amulet of the acrobat (around neck)
Scrolls
 d - a scroll of identify {unknown}
 e - a scroll of immolation {unknown}
 h - a scroll of amnesia {unknown}
Comestibles
 c - a ration
 g - a chunk of flesh


   Skills:
 - Level 2.0 Dodging
 - Level 2.0 Stealth
 + Level 0.2 Unarmed Combat
 + Level 2.6 Spellcasting
 + Level 5.0 Necromancy


You had 5 spell levels left.
You knew the following spells:

 Your Spells              Type           Power        Failure   Level  Hunger
a - Pain                  Necr           ###.         2%          1    #......
b - Animate Skeleton      Necr           N/A          2%          1    #......

Your spell library contained the following spells:

 Spells                   Type           Power        Failure   Level  Hunger
 Vampiric Draining        Necr           ###.......   7%          3    ###....
 Regeneration             Chrm/Necr      ##........   19%         3    ###....
 Animate Dead             Necr           N/A          22%         4    #####..


Dungeon Overview and Level Annotations

Branches:
Dungeon (2/15)

Altars:


Innate Abilities, Weirdness & Mutations

You have sharp fingernails.
You are slightly more attuned to the shadows.


Message History

You are more poisoned.
The adder poisons you!
Your magical contamination has completely faded away.
Huge Dmg: -13%(-3hp) hp: 17%(4hp)
You aren't carrying any potions.
You hit the adder.
You kill the adder!
Your Necromancy skill increases to level 5!
* * * LOW HITPOINT WARNING * * *
You feel sick. The bat hits you but does no damage.
Huge Dmg: -4%(-1hp) hp: 13%(3hp)
* * * LOW HITPOINT WARNING * * *
You feel sick. The bat hits you but does no damage.
Huge Dmg: -4%(-1hp) hp: 9%(2hp)
The bat hits you but does no damage. The bat misses you.
* * * LOW HITPOINT WARNING * * *
You feel sick. The bat completely misses you.
Huge Dmg: -4%(-1hp) hp: 5%(1hp)
You miss the bat.
You die...

######### #......#.
#.......###........
##.####.##.........
#.# #.##.........
#.####@##........#
#.#<##b##........#
#.#.##g##........#
#.#.##..†........#
#.#.#####†.......#
#.#.# #........#
#.#.# ###†######
#.#.# .... #.#.#
...##


You could see a hobgoblin and a bat.

Vanquished Creatures
  2 adders (D:2)
  A leopard gecko (D:1)
  5 bats (D:1)
  2 hobgoblins (D:1)
  2 jackals (D:1)
  A ball python (D:1)
  4 frilled lizards
  2 goblins (D:1)
  A kobold (D:2)
  5 rats (D:1)
25 creatures vanquished.

Notes
Turn   | Place    | Note
-------+----------+-------------------------------------------
     0 | D:1      | Lexodia the Demonspawn Necromancer began the quest for the
                  | Orb.
     0 | D:1      | Reached XP level 1. HP: 13/13 MP: 3/3
   271 | D:1      | Gained mutation: You are slightly more attuned to the
                  | shadows. [demonic ancestry]
   271 | D:1      | Reached XP level 2. HP: 14/19 MP: 1/5
   286 | D:1      | Huge Dmg: 3 dmg
   290 | D:1      | Huge Dmg: 3 dmg
   291 | D:1      | Huge Dmg: 1 dmg
   293 | D:1      | Huge Dmg: 1 dmg
   308 | D:1      | Huge Dmg: 1 dmg
   583 | D:1      | Learned a level 1 spell: Animate Skeleton
   872 | D:2      | Huge Dmg: 5 dmg
   872 | D:2      | Gained mutation: You have sharp fingernails. [demonic
                  | ancestry]
   872 | D:2      | Reached XP level 3. HP: 15/24 MP: 1/6
   887 | D:2      | Huge Dmg: 3 dmg
   890 | D:2      | Huge Dmg: 3 dmg
   891 | D:2      | Huge Dmg: 3 dmg
   891 | D:2      | Reached skill level 5 in Necromancy
   892 | D:2      | Huge Dmg: 1 dmg
   893 | D:2      | Huge Dmg: 1 dmg
   894 | D:2      | HP: 1/24 [poisoned by an adder]
   895 | D:2      | Huge Dmg: 1 dmg
   895 | D:2      | Succumbed to an adder's poison

Levels and vault maps discovered:
D:1:      lemuel_arrival_broad_hall, layout_loops_ring, chequers_arboretum,
          skrybe_limestone_x
D:2:      layout_basic, lemuel_blue_sif_altar, lightli_corner_chamber,
          uniq_terence

Skill      XL: |  1  2  3 |
---------------+----------+-----
Stealth        | 2 |  2.0
Dodging        | 2 |  2.0
Necromancy     | 5 |  5.0
Unarmed Combat | |  0.2
Spellcasting   | |  2.6

Action                   || total
-------------------------++-------
Melee: Unarmed           ||    29
       Short sword       ||    12
 Cast: Pain              ||    33
Armor: Robe              ||     9
Dodge: Dodged            ||    40

Table legend:
 A = Non-vault XP
 B = Vault XP
 C = Vault XP percentage of total XP
 D = Non-vault monster count
 E = Vault monster count
 F = Vault count percentage of total count
                 A         B        C        D         E       F
            +---------+---------+-------+---------+---------+-------
      Total |      59 |       0 |   0.0 |      25 |       0 |   0.0
            +---------+---------+-------+---------+---------+-------
        D:1 |      31 |       0 |   0.0 |      21 |       0 |   0.0
        D:2 |      28 |       0 |   0.0 |       4 |       0 |   0.0
            +---------+---------+-------+---------+---------+-------
